 Dungeon Crawl Stone Soup version 0.31.0-32-g396128a36d (webtiles) character file.

Game seed: 1140067850060180802

205 booth the Cudgeller (level 5, -1/34 HPs)
             Began as a Gargoyle Monk on Mar 18, 2024.
             Slain by Pikel
             ... wielding a +0 whip of flaming
              (2 damage)
             ... on level 4 of the Dungeon.
             The game lasted 00:12:02 (2302 turns).

booth the Cudgeller (Gargoyle Monk)                 Turns: 2302, Time: 00:12:03

Health: -1/34      AC:  7    Str: 17    XL:     5   Next: 83%
Magic:  5/5        EV: 12    Int: 10    God:
Gold:   144        SH:  0    Dex: 12    Spells: 4/4 levels left

rFire   . . .        a - +0 mace
rCold   . . .        (no shield)
rNeg    + . .        m - +0 leather armour
rPois   ∞            (no helmet)
rElec   +            (no cloak)
rCorr   .            (no gloves)
SInv    .            (no boots)
Will    .....        (no amulet)
Stlth   +            (no ring)
HPRegen 0.25/turn    (no ring)
MPRegen 0.09/turn

%: no passive effects
@: no status effects
A: sickness immunity, AC +4, negative energy resistance 1, electricity
resistance, torment resistance 1, petrification resistance
a: no special abilities


You were on level 4 of the Dungeon.
You visited 1 branch of the dungeon, and saw 4 of its levels.

You collected 144 gold pieces.

Inventory:

Hand Weapons
 a - a +0 mace (weapon)
 j - a +0 war axe
Missiles
 g - a datura-tipped dart (quivered)
Armour
 d - an orb of light
 m - a +0 leather armour (worn)
Wands
 k - a wand of polymorph (6)
Scrolls
 b - a scroll of revelation
 f - a scroll of enchant weapon {unknown}
 o - a scroll of teleportation
 p - a scroll of immolation {unknown}
Potions
 c - 2 potions of ambrosia
 e - a potion of cancellation
 h - a potion of brilliance {unknown}
 i - a potion of curing
 l - a potion of heal wounds {unknown}
 n - a potion of attraction {unknown}


   Skills:
 + Level 4.4 Fighting
 * Level 4.8 Maces & Flails
 + Level 3.3 Dodging


You had 4 spell levels left.
You didn't know any spells.
Your spell library contained the following spells:

 Spells                   Type           Power      Damage    Failure   Level
 Vhi's Electric Charge    Tloc/Air       0%         N/A       99%         4
 Arcjolt                  Conj/Air       0%         1d10      100%        5
 Maxwell's Capacitive Co  Air            0%         ∞         100%        8


Dungeon Overview and Level Annotations

Branches:
Dungeon (4/15)
 Temple: D:4-7

Altars:

Portals:
Abyss: D:3

Annotations:
D:3 2 transporters, seawaffle's ghost, amateur DsFi
D:4 Pikel


Innate Abilities, Weirdness & Mutations

You are immune to sickness and miasma.
Your stone body is resilient. (AC +4)
You are immune to poison.
You resist negative energy. (rN+)
You are resistant to electric shocks. (rElec)
You are resistant to unholy torment.
You are immune to petrification.


Message History

Pikel misses you.
You sock Pikel!
Pikel is moderately wounded.
Pikel hits you with a +0 whip of flaming!
Pikel burns you.
You sock Pikel!
Pikel is heavily wounded.
Pikel hits you with a +0 whip of flaming.
Pikel burns you.
You barely miss Pikel.
Pikel is heavily wounded.
Pikel barely misses you.
You hit Pikel but do no damage.
Pikel is heavily wounded.
Pikel misses you.
Pikel hits you with a +0 whip of flaming.
Pikel burns you.
You completely miss Pikel.
Pikel is heavily wounded.
The lemure shouts!
Pikel completely misses you.
You hit Pikel but do no damage.
Pikel is heavily wounded.
Pikel closely misses you. Pikel attacks as he pursues you!
Pikel barely misses you.
You hit Pikel but do no damage.
Pikel is heavily wounded.
Pikel hits you with a +0 whip of flaming!
* * * LOW HITPOINT WARNING * * *
Pikel burns you.
* * * LOW HITPOINT WARNING * * *
Throw: 2 darts (datura)
Press: ? - help, Q - select action, (/) - cycle Shift-Dir - straight line, f - Pikel
Aim: Pikel, wielding a +0 whip of flaming and wearing a +0 robe (heavily wounded, 47% to hit, chance to frenzy on hit: 3%)
You throw a datura-tipped dart. The datura-tipped dart hits Pikel.
Pikel resists.
Pikel is heavily wounded.
Pikel hits you with a +0 whip of flaming.
You die...
Pikel says, "Another soul for the market."

#. ...###............
..... #.##...........#.#
....K #.##...........#.##
.....##.##..............#
# # #............†..#....
#.##.#.#.####.............
.......#.# ####..##.#..##
......#..######...........
.........55K@...#......# #
).....[#############...#
......# ...# ...... ..#
...#. .. .#.#. #


You could see Pikel and 2 lemures.

Vanquished Creatures
  An ice beast (D:3)
  A lemure (D:3)
  A hound (D:4)
  2 adders
  2 dart slugs (D:2)
  4 ball pythons
  4 endoplasms
  3 giant cockroaches
  7 goblins
  2 hobgoblins
  9 jackals
  4 quokkas
  6 bats
  5 frilled lizards
  5 kobolds
  10 rats
66 creatures vanquished.

Notes
Turn   | Place    | Note
-------+----------+-------------------------------------------
     0 | D:1      | booth the Gargoyle Monk began the quest for the Orb.
     0 | D:1      | Reached XP level 1. HP: 14/14 MP: 1/1
   256 | D:1      | Reached XP level 2. HP: 19/19 MP: 2/2
   435 | D:1      | Found a faded altar of an unknown god.
   778 | D:2      | Reached XP level 3. HP: 24/24 MP: 3/3
  1186 | D:3      | Found a transporter.
  1276 | D:3      | Found a one-way gate to the infinite horrors of the Abyss.
  1276 | D:3      | Noticed seawaffle's ghost (amateur DsFi)
  1283 | D:3      | Found a transporter.
  1312 | D:3      | Noticed a small abomination
  1399 | D:3      | Reached XP level 4. HP: 28/29 MP: 4/4
  1451 | D:3      | Noticed an ice beast
  1475 | D:3      | Killed an ice beast
  1476 | D:3      | Reached XP level 5. HP: 22/33 MP: 5/5
  1905 | D:4      | Noticed Pikel
  1905 | D:4      | Noticed a lemure
  1905 | D:4      | Noticed a lemure
  1905 | D:4      | Noticed a lemure
  1905 | D:4      | Noticed a lemure
  1912 | D:3      | Killed a lemure
  2301 | D:4      | HP: 1/34 [Pikel/+0 whip of flaming (4)]
  2302 | D:4      | Slain by Pikel

Illustrated notes

Levels and vault maps discovered:
D:1:      shiori_arrival_maze, layout_loops_ring, ebering_ecumenical_altar_mist
D:2:      layout_rooms
D:3:      layout_loops_ring, gammafunk_ghost_abyssal_escape, minmay_circle_x
D:4:      layout_rooms, lemuel_doored_altar, nicolae_zig_zag_zippers, uniq_pikel

Skill      XL: |  1  2  3  4 |
---------------+-------------+-----
Fighting       | 4 |  4.4
Maces & Flails | 4 |  4.8
Dodging        | 3 |  3.3

Action                     |  1- 3 |  4- 6 || total
---------------------------+-------+-------++-------
  Melee: Mace              |   109 |    95 ||   204
  Throw: Dart              |       |     2 ||     2
    Use: Scroll            |     3 |     2 ||     5
         Potion            |       |     2 ||     2
   Stab: Distracted        |       |     1 ||     1
 Armour: Robe              |    40 |       ||    40
         Leather armour    |    15 |    58 ||    73
         Skin              |       |    24 ||    24
  Dodge: Dodged            |    81 |    54 ||   135
